[ AOE2 MATCH · #472477750 ]
UnrankedByzantines vs Franks
[ REPLAY ANALYSIS · EXTRACTED FROM THE RECORDED GAME ]
Feudal
14:15
Castle
18:10
Imperial
30:43
| APM avg | 26.5 |
| APM peak | 64 |
| eAPM avg | 15.0 |
| Villagers / military | 130 / 377 |
Focus
⚔️ 37.8% · 🌾 62.2%
Spearman ×183 · Archer ×170 · Bombard Cannon ×9 · Knight ×8 · Trebuchet (Packed) ×5 · Hand Cannoneer ×2
Feudal
13:24
Castle
19:46
Imperial
37:41
| APM avg | 21.8 |
| APM peak | 55 |
| eAPM avg | 13.1 |
| Villagers / military | 232 / 89 |
Focus
⚔️ 20.2% · 🌾 79.8%
Knight ×44 · Spearman ×41 · Monk ×2 · Skirmisher ×2
Feudal
12:32
Castle
16:27
Imperial
33:47
| APM avg | 35.7 |
| APM peak | 103 |
| eAPM avg | 25.1 |
| Villagers / military | 203 / 844 |
Focus
⚔️ 46.4% · 🌾 53.6%
Skirmisher ×370 · Scout Cavalry ×290 · Mameluke ×168 · Trebuchet (Packed) ×15 · Monk ×1
Feudal
11:21
Castle
14:52
Imperial
29:27
| APM avg | 35.2 |
| APM peak | 113 |
| eAPM avg | 21.2 |
| Villagers / military | 145 / 269 |
Focus
⚔️ 46.9% · 🌾 53.1%
Archer ×145 · Skirmisher ×120 · Unknown (1944) ×39 · Unknown (1942) ×23 · Unknown (1959) ×9 · Monk ×3
Feudal
11:22
Castle
23:17
Imperial
48:32
| APM avg | 46.4 |
| APM peak | 88 |
| eAPM avg | 30.6 |
| Villagers / military | 190 / 218 |
Focus
⚔️ 40.5% · 🌾 59.5%
Spearman ×123 · Knight ×43 · Coustillier ×28 · Flemish Militia ×10 · Battering Ram ×7 · Monk ×5
Feudal
8:33
Castle
24:39
Imperial
47:54
| APM avg | 47.7 |
| APM peak | 104 |
| eAPM avg | 32.5 |
| Villagers / military | 241 / 226 |
Focus
⚔️ 43.0% · 🌾 57.0%
Spearman ×130 · Knight ×55 · Battering Ram ×32 · Serjeant ×7 · Mangonel ×2
Match map
Initial resources + every placement click. Lines = walls · curves = elevation contours. ◆ gold · ⬟ stone · ● berries · ✦ relic · ◌ wall gap
Your base· ✓ Closed at 18:10 · 0t walls · 2 gate(s)
TD3P | NAYE's base· ✓ Closed at 19:46 · 0t walls · 3 gate(s)
Pvt grimsey's base· ✓ Closed at 16:27 · 0t walls · 2 gate(s)
Ux'Marianop's base· ✓ Closed at 14:52 · 0t walls · 2 gate(s)
ferminsin's base· ✓ Closed at 23:17 · 60t walls · 2 gate(s)
td3p | Carlos's base· ✓ Closed at 24:39 · 5t walls · 4 gate(s)
Smoothed initial terrain · ◌ = detected wall gap · hover for details
Inputs per minute
— TD3P | sir_esteban - - TD3P | NAYE
Build order — TD3P | sir_esteban
First 150 of 412 actions detected
| 0:03 | Create | Villager (Male) ×4 |
| 0:08 | Build | House |
| 0:11 | Build | House |
| 1:29 | Create | Villager (Male) |
| 2:16 | Create | Villager (Male) |
| 2:28 | Create | Villager (Male) |
| 2:38 | Research | Loom |
| 3:01 | Create | Villager (Male) |
| 3:01 | Create | Villager (Male) |
| 3:41 | Create | Villager (Male) |
| 3:41 | Create | Villager (Male) |
| 3:54 | Build | Lumber Camp |
| 4:09 | Build | House |
| 4:11 | Build | House |
| 4:13 | Build | House |
| 4:22 | Create | Villager (Male) |
| 4:22 | Create | Villager (Male) |
| 4:46 | Create | Villager (Male) |
| 4:46 | Create | Villager (Male) |
| 5:22 | Build | Mill |
| 5:43 | Build | House |
| 5:57 | Create | Villager (Male) |
| 5:57 | Create | Villager (Male) |
| 5:57 | Create | Villager (Male) |
| 6:36 | Create | Villager (Male) |
| 6:36 | Create | Villager (Male) |
| 6:36 | Create | Villager (Male) |
| 6:36 | Create | Villager (Male) |
| 7:03 | Create | Villager (Male) |
| 7:33 | Build | Mill |
| 8:23 | Create | Villager (Male) |
| 8:23 | Create | Villager (Male) |
| 8:23 | Create | Villager (Male) |
| 9:06 | Create | Villager (Male) |
| 9:06 | Create | Villager (Male) |
| 9:33 | Build | Farm |
| 9:33 | Build | Farm |
| 9:33 | Build | Farm |
| 9:33 | Build | Farm |
| 9:34 | Build | Farm |
| 9:34 | Build | Farm |
| 9:34 | Build | Farm |
| 9:34 | Build | Farm |
| 10:09 | Build | Mining Camp |
| 10:25 | Create | Villager (Male) |
| 10:26 | Create | Villager (Male) |
| 10:26 | Create | Villager (Male) |
| 10:56 | Create | Villager (Male) |
| 10:57 | Research | Feudal Age |
| 12:02 | Create | Villager (Male) |
| 12:03 | Create | Villager (Male) |
| 12:05 | Create | Villager (Male) |
| 12:18 | Build | Farm |
| 12:19 | Build | Farm |
| 12:19 | Build | Farm |
| 12:53 | Build | Mining Camp |
| 14:15 | Age | Feudal Age |
| 14:28 | Build | Market |
| 14:39 | Build | Blacksmith |
| 15:30 | Research | Castle Age |
| 15:31 | Research | Castle Age |
| 15:41 | Build | House |
| 15:42 | Build | House |
| 15:44 | Build | House |
| 16:20 | Build | Barracks |
| 16:52 | Research | Wheelbarrow |
| 17:09 | Build | House |
| 17:11 | Build | House |
| 17:17 | Create | Villager (Male) |
| 17:18 | Create | Villager (Male) |
| 17:18 | Create | Villager (Male) |
| 17:30 | Build | Farm |
| 17:30 | Build | Farm |
| 17:30 | Build | Farm |
| 17:30 | Build | Farm |
| 17:31 | Build | Farm |
| 17:49 | Research | Double-Bit Axe |
| 18:01 | Build | Stable |
| 18:05 | Research | Scale Barding Armor |
| 18:10 | Age | Castle Age |
| 18:59 | Create | Knight |
| 19:00 | Create | Knight |
| 19:01 | Create | Knight |
| 19:03 | Research | Husbandry |
| 19:04 | Create | Knight |
| 19:06 | Create | Knight |
| 20:07 | Research | Chain Barding Armor |
| 20:18 | Build | Town Center |
| 20:26 | Create | Villager (Male) |
| 20:54 | Create | Villager (Male) |
| 20:54 | Create | Villager (Male) |
| 21:21 | Build | Lumber Camp |
| 21:41 | Create | Villager (Male) |
| 21:48 | Create | Knight |
| 22:05 | Build | Farm |
| 22:05 | Build | Farm |
| 22:06 | Build | Farm |
| 22:06 | Build | Farm |
| 22:06 | Build | Farm |
| 22:06 | Build | Farm |
| 22:21 | Build | Castle |
| 22:26 | Create | Villager (Male) |
| 22:26 | Create | Villager (Male) |
| 22:38 | Create | Knight |
| 22:39 | Create | Knight |
| 22:54 | Build | Farm |
| 22:54 | Build | Farm |
| 22:55 | Build | Farm |
| 22:55 | Build | Farm |
| 22:55 | Build | Farm |
| 22:55 | Build | Farm |
| 22:56 | Build | Farm |
| 23:03 | Create | Villager (Male) |
| 23:04 | Create | Villager (Male) |
| 23:34 | Build | Farm |
| 23:34 | Build | Farm |
| 23:35 | Build | Farm |
| 23:35 | Build | Farm |
| 23:35 | Build | Farm |
| 23:35 | Build | Farm |
| 23:39 | Create | Villager (Male) |
| 23:40 | Create | Villager (Male) |
| 23:40 | Create | Villager (Male) |
| 24:16 | Create | Villager (Male) |
| 24:16 | Create | Villager (Male) |
| 24:17 | Create | Villager (Male) |
| 24:18 | Create | Villager (Male) |
| 24:49 | Create | Villager (Male) |
| 24:50 | Create | Villager (Male) |
| 25:01 | Build | Town Center |
| 25:38 | Create | Villager (Male) |
| 25:39 | Create | Villager (Male) |
| 25:40 | Create | Villager (Male) |
| 25:40 | Create | Villager (Male) |
| 25:40 | Create | Villager (Male) |
| 26:18 | Build | Farm |
| 26:18 | Build | Farm |
| 26:18 | Build | Farm |
| 26:18 | Build | Farm |
| 26:22 | Build | Mill |
| 26:25 | Create | Villager (Male) |
| 26:25 | Create | Villager (Male) |
| 26:37 | Build | Farm |
| 26:37 | Build | Farm |
| 26:38 | Build | Farm |
| 26:38 | Build | Farm |
| 26:38 | Build | Farm |
| 26:38 | Build | Farm |
| 26:43 | Build | Farm |
| 26:50 | Create | Villager (Male) |
Build order — TD3P | NAYE
First 150 of 574 actions detected
| 0:02 | Build | House |
| 0:03 | Build | House |
| 0:04 | Create | Villager (Male) |
| 0:04 | Create | Villager (Male) |
| 0:05 | Create | Villager (Male) |
| 0:05 | Create | Villager (Male) |
| 1:32 | Create | Villager (Male) |
| 1:32 | Create | Villager (Male) |
| 2:13 | Create | Villager (Male) |
| 2:29 | Create | Villager (Male) |
| 2:57 | Build | Lumber Camp |
| 3:04 | Create | Villager (Male) |
| 3:28 | Create | Villager (Male) |
| 3:36 | Build | House |
| 4:08 | Create | Villager (Male) |
| 4:18 | Create | Villager (Male) |
| 4:39 | Build | House |
| 4:48 | Build | Mill |
| 5:00 | Create | Villager (Male) |
| 6:09 | Create | Villager (Male) |
| 6:48 | Create | Villager (Male) |
| 6:48 | Create | Villager (Male) |
| 6:49 | Create | Villager (Male) |
| 6:59 | Create | Villager (Male) |
| 7:14 | Create | Villager (Male) |
| 7:14 | Create | Villager (Male) |
| 7:14 | Create | Villager (Male) |
| 7:20 | Build | Farm |
| 7:21 | Build | Farm |
| 7:56 | Create | Villager (Male) |
| 9:00 | Create | Villager (Male) |
| 9:01 | Create | Villager (Male) |
| 9:07 | Create | Villager (Male) |
| 9:49 | Build | Farm |
| 10:10 | Create | Villager (Male) |
| 10:14 | Build | Farm |
| 10:42 | Build | House |
| 10:49 | Research | Loom |
| 10:53 | Research | Feudal Age |
| 11:17 | Build | Farm |
| 11:22 | Build | House |
| 11:24 | Create | Villager (Male) |
| 11:55 | Create | Villager (Male) |
| 11:55 | Create | Villager (Male) |
| 11:55 | Create | Villager (Male) |
| 12:28 | Create | Villager (Male) |
| 12:55 | Create | Villager (Male) |
| 12:55 | Create | Villager (Male) |
| 13:02 | Build | Farm |
| 13:19 | Build | Mining Camp |
| 13:24 | Age | Feudal Age |
| 13:54 | Build | Barracks |
| 13:59 | Create | Villager (Male) |
| 13:59 | Create | Villager (Male) |
| 14:03 | Build | Market |
| 14:18 | Build | Blacksmith |
| 14:23 | Create | Villager (Male) |
| 14:23 | Create | Villager (Male) |
| 14:26 | Build | Farm |
| 14:26 | Build | Farm |
| 14:41 | Build | Farm |
| 14:41 | Build | Farm |
| 14:41 | Build | Farm |
| 15:27 | Build | House |
| 15:42 | Create | Villager (Male) |
| 15:43 | Create | Villager (Male) |
| 15:46 | Build | Farm |
| 15:51 | Create | Villager (Male) |
| 16:12 | Create | Villager (Male) |
| 16:12 | Create | Villager (Male) |
| 16:13 | Build | House |
| 16:14 | Build | House |
| 16:20 | Create | Villager (Male) |
| 16:21 | Create | Villager (Male) |
| 16:21 | Create | Villager (Male) |
| 17:00 | Research | Castle Age |
| 17:18 | Build | House |
| 17:52 | Build | House |
| 17:53 | Build | House |
| 17:55 | Build | House |
| 17:55 | Build | House |
| 17:56 | Build | House |
| 17:59 | Create | Villager (Male) |
| 18:01 | Create | Villager (Male) |
| 18:02 | Create | Villager (Male) |
| 18:14 | Build | Stable |
| 18:22 | Create | Villager (Male) |
| 18:22 | Create | Villager (Male) |
| 18:22 | Create | Villager (Male) |
| 18:57 | Create | Villager (Male) |
| 18:57 | Create | Villager (Male) |
| 19:04 | Research | Forging |
| 19:06 | Research | Scale Mail Armor |
| 19:12 | Build | House |
| 19:13 | Build | House |
| 19:15 | Create | Villager (Male) |
| 19:15 | Create | Villager (Male) |
| 19:16 | Create | Villager (Male) |
| 19:16 | Create | Villager (Male) |
| 19:17 | Research | Double-Bit Axe |
| 19:29 | Research | Wheelbarrow |
| 19:34 | Research | Scale Barding Armor |
| 19:45 | Create | Villager (Male) |
| 19:46 | Age | Castle Age |
| 20:08 | Build | Town Center |
| 20:10 | Create | Villager (Male) |
| 20:10 | Create | Villager (Male) |
| 20:11 | Create | Villager (Male) |
| 20:18 | Create | Knight |
| 20:40 | Build | Mining Camp |
| 20:42 | Create | Villager (Male) |
| 20:42 | Create | Villager (Male) |
| 20:43 | Create | Villager (Male) |
| 20:59 | Build | House |
| 21:00 | Build | House |
| 21:01 | Build | House |
| 21:03 | Build | House |
| 21:04 | Build | House |
| 21:07 | Create | Villager (Male) |
| 21:07 | Create | Villager (Male) |
| 21:21 | Create | Villager (Male) |
| 21:21 | Create | Villager (Male) |
| 21:21 | Create | Villager (Male) |
| 21:44 | Build | Lumber Camp |
| 21:52 | Create | Villager (Male) |
| 22:15 | Build | Town Center |
| 22:27 | Build | Farm |
| 22:27 | Build | Farm |
| 22:27 | Build | Farm |
| 22:28 | Build | Farm |
| 22:28 | Build | Farm |
| 22:34 | Create | Villager (Male) |
| 22:59 | Create | Villager (Male) |
| 23:30 | Build | Farm |
| 23:30 | Build | Farm |
| 23:41 | Build | Stable |
| 23:49 | Create | Villager (Male) |
| 23:52 | Create | Villager (Male) |
| 23:52 | Create | Villager (Male) |
| 23:57 | Build | Farm |
| 23:57 | Build | Farm |
| 23:57 | Build | Farm |
| 24:09 | Build | Monastery |
| 24:14 | Create | Villager (Male) |
| 24:14 | Create | Villager (Male) |
| 24:24 | Build | University |
| 24:28 | Create | Villager (Male) |
| 24:36 | Create | Villager (Male) |
| 24:42 | Build | Farm |
| 24:42 | Build | Farm |
Build order — Pvt grimsey
First 150 of 756 actions detected
| 0:01 | Create | Villager (Male) |
| 0:02 | Create | Villager (Male) |
| 0:02 | Create | Villager (Male) |
| 0:02 | Create | Villager (Male) |
| 0:04 | Build | House |
| 0:07 | Build | House |
| 1:25 | Create | Villager (Male) |
| 1:47 | Create | Villager (Male) |
| 1:55 | Build | Lumber Camp |
| 2:42 | Create | Villager (Male) |
| 2:43 | Create | Villager (Male) |
| 2:49 | Create | Villager (Male) |
| 2:49 | Create | Villager (Male) |
| 3:10 | Create | Villager (Male) |
| 3:10 | Create | Villager (Male) |
| 3:38 | Build | House |
| 3:40 | Build | House |
| 3:48 | Build | House |
| 3:50 | Build | House |
| 3:54 | Build | Outpost |
| 4:06 | Create | Villager (Male) |
| 4:07 | Create | Villager (Male) |
| 4:07 | Create | Villager (Male) |
| 4:45 | Build | House |
| 4:55 | Create | Villager (Male) |
| 4:56 | Create | Villager (Male) |
| 4:56 | Create | Villager (Male) |
| 5:22 | Create | Villager (Male) |
| 5:23 | Create | Villager (Male) |
| 5:36 | Create | Villager (Male) |
| 5:36 | Create | Villager (Male) |
| 6:27 | Create | Villager (Male) |
| 6:27 | Create | Villager (Male) |
| 6:27 | Create | Villager (Male) |
| 6:28 | Create | Villager (Male) |
| 6:49 | Build | Mill |
| 6:53 | Create | Villager (Male) |
| 6:53 | Create | Villager (Male) |
| 7:30 | Build | Mill |
| 7:57 | Create | Villager (Male) |
| 7:58 | Create | Villager (Male) |
| 7:58 | Create | Villager (Male) |
| 7:58 | Create | Villager (Male) |
| 7:58 | Create | Villager (Male) |
| 7:59 | Create | Villager (Male) |
| 8:41 | Create | Villager (Male) |
| 8:41 | Create | Villager (Male) |
| 8:42 | Create | Villager (Male) |
| 8:42 | Create | Villager (Male) |
| 9:05 | Create | Villager (Male) |
| 9:05 | Create | Villager (Male) |
| 9:05 | Create | Villager (Male) |
| 9:16 | Build | Mining Camp |
| 9:41 | Build | Farm |
| 9:42 | Build | Farm |
| 9:45 | Build | Farm |
| 9:46 | Build | Farm |
| 9:58 | Research | Feudal Age |
| 10:01 | Build | Mining Camp |
| 10:37 | Create | Villager (Male) |
| 10:38 | Create | Villager (Male) |
| 10:42 | Create | Villager (Male) |
| 12:32 | Age | Feudal Age |
| 12:34 | Create | Villager (Male) |
| 12:39 | Build | Market |
| 12:45 | Build | Blacksmith |
| 13:24 | Create | Villager (Male) |
| 13:34 | Build | Farm |
| 13:34 | Build | Farm |
| 13:35 | Build | Farm |
| 13:36 | Build | Farm |
| 13:37 | Build | Farm |
| 13:38 | Build | Farm |
| 13:46 | Research | Castle Age |
| 13:46 | Research | Castle Age |
| 14:06 | Research | Loom |
| 14:08 | Create | Villager (Male) |
| 14:09 | Create | Villager (Male) |
| 15:07 | Research | Double-Bit Axe |
| 15:08 | Research | Horse Collar |
| 15:16 | Research | Gold Mining |
| 15:17 | Research | Gold Mining |
| 15:35 | Research | Stone Mining |
| 16:27 | Age | Castle Age |
| 16:30 | Build | Town Center |
| 16:55 | Build | Town Center |
| 17:11 | Research | Bow Saw |
| 17:12 | Research | Bow Saw |
| 17:19 | Create | Villager (Male) |
| 17:47 | Create | Villager (Male) |
| 17:47 | Create | Villager (Male) |
| 17:47 | Create | Villager (Male) |
| 17:51 | Create | Villager (Male) |
| 17:52 | Create | Villager (Male) |
| 17:55 | Create | Villager (Male) |
| 18:07 | Create | Villager (Male) |
| 18:14 | Build | House |
| 18:16 | Build | House |
| 18:18 | Build | House |
| 18:22 | Create | Villager (Male) |
| 18:23 | Create | Villager (Male) |
| 18:32 | Build | Farm |
| 18:33 | Build | Farm |
| 18:33 | Build | Farm |
| 18:36 | Build | Farm |
| 18:37 | Build | Farm |
| 18:38 | Build | Farm |
| 18:44 | Create | Villager (Male) |
| 18:45 | Create | Villager (Male) |
| 18:45 | Create | Villager (Male) |
| 18:59 | Build | Farm |
| 19:11 | Create | Villager (Male) |
| 19:12 | Create | Villager (Male) |
| 19:27 | Research | Heavy Plow |
| 19:27 | Research | Heavy Plow |
| 19:28 | Create | Villager (Male) |
| 19:28 | Create | Villager (Male) |
| 19:39 | Build | Farm |
| 19:48 | Build | Farm |
| 19:50 | Build | Farm |
| 19:51 | Create | Villager (Male) |
| 19:51 | Create | Villager (Male) |
| 20:07 | Build | House |
| 20:09 | Build | House |
| 20:10 | Build | House |
| 20:12 | Build | House |
| 20:15 | Build | House |
| 20:16 | Create | Villager (Male) |
| 20:17 | Create | Villager (Male) |
| 20:17 | Create | Villager (Male) |
| 20:23 | Build | Farm |
| 20:24 | Build | Farm |
| 20:30 | Build | Farm |
| 20:37 | Create | Villager (Male) |
| 20:37 | Create | Villager (Male) |
| 20:39 | Create | Villager (Male) |
| 20:39 | Create | Villager (Male) |
| 20:50 | Build | Farm |
| 20:51 | Create | Villager (Male) |
| 21:13 | Build | Farm |
| 21:14 | Create | Villager (Male) |
| 21:15 | Create | Villager (Male) |
| 21:15 | Create | Villager (Male) |
| 21:17 | Create | Villager (Male) |
| 21:29 | Create | Villager (Male) |
| 21:39 | Build | Town Center |
| 21:44 | Create | Villager (Male) |
| 21:46 | Build | Farm |
| 21:48 | Create | Villager (Male) |
| 21:50 | Create | Villager (Male) |
Build order — Ux'Marianop
First 150 of 676 actions detected
| 0:02 | Create | Villager (Male) |
| 0:02 | Create | Villager (Male) |
| 0:02 | Create | Villager (Male) |
| 0:02 | Create | Villager (Male) |
| 0:03 | Create | Villager (Male) |
| 0:04 | Build | House |
| 0:06 | Build | House |
| 1:31 | Create | Villager (Male) |
| 1:31 | Create | Villager (Male) |
| 1:53 | Build | Lumber Camp |
| 2:06 | Create | Villager (Male) |
| 2:37 | Create | Villager (Male) |
| 2:38 | Create | Villager (Male) |
| 3:03 | Create | Villager (Male) |
| 3:07 | Create | Villager (Male) |
| 3:07 | Create | Villager (Male) |
| 3:33 | Build | House |
| 3:34 | Build | House |
| 3:47 | Create | Villager (Male) |
| 3:47 | Create | Villager (Male) |
| 4:09 | Create | Villager (Male) |
| 4:10 | Create | Villager (Male) |
| 4:37 | Create | Villager (Male) |
| 4:52 | Create | Villager (Male) |
| 5:13 | Build | Mill |
| 5:27 | Create | Villager (Male) |
| 5:27 | Create | Villager (Male) |
| 5:30 | Create | Villager (Male) |
| 5:31 | Create | Villager (Male) |
| 6:37 | Create | Villager (Male) |
| 6:37 | Create | Villager (Male) |
| 6:38 | Create | Villager (Male) |
| 6:38 | Create | Villager (Male) |
| 7:16 | Create | Villager (Male) |
| 7:22 | Create | Villager (Male) |
| 8:08 | Create | Villager (Male) |
| 8:23 | Build | Farm |
| 8:25 | Create | Villager (Male) |
| 8:48 | Build | Farm |
| 9:06 | Research | Feudal Age |
| 9:15 | Build | Farm |
| 9:18 | Build | Farm |
| 9:47 | Build | House |
| 9:48 | Build | House |
| 11:06 | Create | Villager (Male) |
| 11:07 | Create | Villager (Male) |
| 11:21 | Age | Feudal Age |
| 11:24 | Build | Market |
| 11:26 | Build | Blacksmith |
| 11:40 | Research | Double-Bit Axe |
| 12:12 | Research | Castle Age |
| 12:21 | Research | Horse Collar |
| 12:57 | Build | House |
| 12:59 | Build | House |
| 14:38 | Create | Villager (Male) |
| 14:38 | Create | Villager (Male) |
| 14:52 | Age | Castle Age |
| 14:55 | Build | Town Center |
| 14:58 | Build | Town Center |
| 15:04 | Build | Monastery |
| 15:43 | Create | Villager (Male) |
| 15:55 | Research | Bow Saw |
| 15:58 | Create | Villager (Male) |
| 16:08 | Create | Villager (Male) |
| 16:23 | Build | Mining Camp |
| 16:26 | Create | Villager (Male) |
| 16:33 | Build | Farm |
| 16:36 | Build | Farm |
| 16:43 | Build | Farm |
| 16:47 | Create | Villager (Male) |
| 16:48 | Create | Villager (Male) |
| 16:51 | Build | Farm |
| 16:57 | Build | Farm |
| 17:05 | Build | Farm |
| 17:09 | Create | Villager (Male) |
| 17:11 | Create | Villager (Male) |
| 17:15 | Build | Farm |
| 17:18 | Build | Farm |
| 17:20 | Create | Villager (Male) |
| 17:28 | Create | Villager (Male) |
| 17:28 | Create | Villager (Male) |
| 17:28 | Create | Villager (Male) |
| 17:31 | Build | Farm |
| 17:40 | Create | Monk |
| 17:40 | Create | Monk |
| 17:46 | Create | Villager (Male) |
| 17:50 | Build | Farm |
| 17:59 | Research | Heavy Plow |
| 17:59 | Research | Heavy Plow |
| 18:07 | Build | Farm |
| 18:10 | Create | Villager (Male) |
| 18:17 | Build | Farm |
| 18:24 | Build | Farm |
| 18:26 | Create | Villager (Male) |
| 18:37 | Create | Villager (Male) |
| 18:38 | Create | Villager (Male) |
| 18:43 | Create | Villager (Male) |
| 18:43 | Create | Villager (Male) |
| 18:55 | Create | Villager (Male) |
| 18:55 | Create | Villager (Male) |
| 18:58 | Research | Fervor |
| 19:03 | Create | Villager (Male) |
| 19:03 | Create | Villager (Male) |
| 19:07 | Build | Farm |
| 19:08 | Build | Farm |
| 19:08 | Build | Farm |
| 19:09 | Build | Farm |
| 19:22 | Build | House |
| 19:23 | Build | House |
| 19:24 | Build | House |
| 19:35 | Create | Villager (Male) |
| 19:35 | Create | Villager (Male) |
| 19:36 | Create | Villager (Male) |
| 19:47 | Research | Gold Mining |
| 19:47 | Research | Stone Mining |
| 19:50 | Research | Loom |
| 19:57 | Build | Farm |
| 20:00 | Build | Farm |
| 20:12 | Build | Stone Wall |
| 20:20 | Build | Stone Wall |
| 20:28 | Create | Villager (Male) |
| 20:29 | Create | Villager (Male) |
| 20:29 | Create | Villager (Male) |
| 20:36 | Build | Siege Workshop |
| 20:55 | Create | Villager (Male) |
| 20:55 | Create | Villager (Male) |
| 20:55 | Create | Villager (Male) |
| 21:10 | Create | Villager (Male) |
| 21:10 | Create | Villager (Male) |
| 21:22 | Create | Villager (Male) |
| 21:24 | Create | Mangonel |
| 21:29 | Research | Wheelbarrow |
| 21:30 | Research | Town Watch |
| 21:34 | Build | Mill |
| 21:35 | Build | Farm |
| 21:36 | Build | Farm |
| 21:36 | Build | Farm |
| 21:36 | Build | Farm |
| 21:36 | Build | Farm |
| 21:37 | Build | Farm |
| 21:39 | Build | Farm |
| 21:40 | Build | Farm |
| 21:52 | Build | House |
| 21:54 | Build | House |
| 21:57 | Create | Villager (Male) |
| 22:10 | Create | Villager (Male) |
| 22:13 | Create | Monk |
| 22:16 | Create | Villager (Male) |
| 22:22 | Build | Town Center |
| 22:25 | Research | Stone Mining |
Build order — ferminsin
First 150 of 608 actions detected
| 0:02 | Create | Villager (Male) |
| 0:02 | Create | Villager (Male) |
| 0:03 | Create | Villager (Male) |
| 0:03 | Create | Villager (Male) |
| 0:04 | Build | House |
| 0:07 | Build | House |
| 1:24 | Create | Villager (Male) |
| 1:51 | Build | Lumber Camp |
| 2:01 | Create | Villager (Male) |
| 2:01 | Create | Villager (Male) |
| 2:14 | Create | Villager (Male) |
| 2:15 | Create | Villager (Male) |
| 2:49 | Create | Villager (Male) |
| 3:09 | Create | Villager (Male) |
| 3:18 | Build | House |
| 3:19 | Build | House |
| 3:20 | Build | House |
| 3:37 | Create | Villager (Male) |
| 3:37 | Create | Villager (Male) |
| 4:05 | Create | Villager (Male) |
| 4:33 | Create | Villager (Male) |
| 4:33 | Create | Villager (Male) |
| 4:50 | Create | Villager (Male) |
| 4:58 | Build | Mill |
| 5:43 | Create | Villager (Male) |
| 5:44 | Create | Villager (Male) |
| 5:44 | Create | Villager (Male) |
| 6:01 | Create | Villager (Male) |
| 6:01 | Create | Villager (Male) |
| 6:16 | Create | Villager (Male) |
| 6:23 | Build | Mill |
| 6:44 | Create | Villager (Male) |
| 6:46 | Create | Villager (Male) |
| 6:49 | Create | Villager (Male) |
| 6:49 | Create | Villager (Male) |
| 7:12 | Create | Villager (Male) |
| 7:12 | Create | Villager (Male) |
| 7:14 | Create | Villager (Male) |
| 7:14 | Create | Villager (Male) |
| 7:22 | Build | Mining Camp |
| 7:33 | Create | Villager (Male) |
| 7:33 | Create | Villager (Male) |
| 7:56 | Create | Villager (Male) |
| 7:56 | Create | Villager (Male) |
| 8:01 | Build | Mining Camp |
| 8:30 | Research | Loom |
| 8:33 | Build | House |
| 8:34 | Build | House |
| 8:41 | Research | Feudal Age |
| 9:05 | Build | House |
| 9:06 | Build | Palisade Wall |
| 9:07 | Build | Palisade Wall |
| 9:15 | Build | Palisade Wall |
| 9:17 | Build | Palisade Wall |
| 9:19 | Build | Palisade Wall |
| 9:48 | Create | Villager (Male) |
| 10:02 | Build | Palisade Wall |
| 10:13 | Build | Palisade Wall |
| 10:14 | Build | Palisade Wall |
| 10:18 | Build | Palisade Wall |
| 10:20 | Research | Double-Bit Axe |
| 10:20 | Research | Double-Bit Axe |
| 10:21 | Research | Horse Collar |
| 10:27 | Build | Palisade Wall |
| 10:29 | Build | House |
| 10:36 | Build | Palisade Wall |
| 10:38 | Build | Palisade Wall |
| 10:39 | Build | Palisade Wall |
| 10:45 | Build | Palisade Wall |
| 10:47 | Create | Villager (Male) |
| 11:22 | Age | Feudal Age |
| 11:34 | Build | Blacksmith |
| 11:39 | Create | Villager (Male) |
| 11:53 | Build | Watch Tower |
| 12:01 | Create | Villager (Male) |
| 12:12 | Build | House |
| 12:16 | Build | House |
| 12:17 | Research | Fletching |
| 12:18 | Research | Forging |
| 12:23 | Build | House |
| 12:34 | Create | Villager (Male) |
| 12:35 | Create | Villager (Male) |
| 12:52 | Build | Watch Tower |
| 12:53 | Create | Villager (Male) |
| 13:07 | Build | Farm |
| 13:13 | Create | Villager (Male) |
| 13:17 | Build | Farm |
| 13:23 | Create | Villager (Male) |
| 13:37 | Create | Villager (Male) |
| 13:42 | Create | Villager (Male) |
| 13:45 | Build | Farm |
| 13:50 | Build | Farm |
| 14:10 | Create | Villager (Male) |
| 14:13 | Build | Farm |
| 14:25 | Build | Watch Tower |
| 14:35 | Create | Villager (Male) |
| 14:38 | Build | Farm |
| 14:50 | Build | Mining Camp |
| 14:56 | Build | Mining Camp |
| 15:17 | Create | Villager (Male) |
| 15:21 | Build | Farm |
| 15:32 | Build | House |
| 15:45 | Build | House |
| 15:46 | Create | Villager (Male) |
| 15:56 | Build | House |
| 15:58 | Create | Villager (Male) |
| 16:37 | Create | Villager (Male) |
| 16:56 | Create | Villager (Male) |
| 17:01 | Build | Farm |
| 17:03 | Research | Bow Saw |
| 17:12 | Build | Watch Tower |
| 17:21 | Build | Barracks |
| 17:22 | Create | Villager (Male) |
| 17:38 | Create | Villager (Male) |
| 17:49 | Create | Villager (Male) |
| 18:20 | Create | Spearman |
| 18:20 | Create | Spearman |
| 18:23 | Build | Farm |
| 18:24 | Create | Villager (Male) |
| 18:36 | Create | Villager (Male) |
| 18:40 | Build | Farm |
| 18:42 | Build | Farm |
| 18:51 | Build | Market |
| 18:59 | Create | Villager (Male) |
| 19:13 | Create | Spearman |
| 19:14 | Create | Villager (Male) |
| 19:29 | Build | House |
| 19:31 | Create | Villager (Male) |
| 19:32 | Create | Spearman |
| 19:38 | Build | House |
| 19:46 | Build | House |
| 19:55 | Create | Villager (Male) |
| 20:37 | Research | Castle Age |
| 20:37 | Research | Castle Age |
| 21:21 | Build | Stone Wall |
| 21:29 | Build | Stone Wall |
| 21:58 | Build | Palisade Wall |
| 22:02 | Build | House |
| 22:28 | Build | House |
| 22:30 | Build | House |
| 22:32 | Build | Palisade Wall |
| 22:35 | Research | Heavy Plow |
| 22:37 | Research | Gold Mining |
| 22:52 | Create | Villager (Male) |
| 23:03 | Build | Stone Wall |
| 23:17 | Age | Castle Age |
| 23:35 | Create | Villager (Male) |
| 23:53 | Create | Villager (Male) |
| 24:02 | Build | Castle |
| 24:09 | Create | Villager (Male) |
Build order — td3p | Carlos
First 150 of 726 actions detected
| 0:03 | Create | Villager (Male) |
| 0:03 | Create | Villager (Male) |
| 0:03 | Create | Villager (Male) |
| 0:04 | Build | House |
| 0:06 | Build | House |
| 0:08 | Create | Villager (Male) |
| 1:27 | Create | Villager (Male) |
| 1:27 | Create | Villager (Male) |
| 1:57 | Create | Villager (Male) |
| 2:14 | Create | Villager (Male) |
| 2:14 | Create | Villager (Male) |
| 2:16 | Build | Lumber Camp |
| 2:31 | Create | Villager (Male) |
| 2:56 | Create | Villager (Male) |
| 3:12 | Create | Villager (Male) |
| 3:46 | Create | Villager (Male) |
| 3:46 | Create | Villager (Male) |
| 3:46 | Create | Villager (Male) |
| 3:57 | Build | House |
| 4:50 | Build | Mill |
| 4:53 | Create | Villager (Male) |
| 5:21 | Create | Villager (Male) |
| 5:45 | Research | Loom |
| 6:23 | Research | Feudal Age |
| 7:09 | Create | Villager (Male) |
| 7:13 | Build | Mining Camp |
| 7:37 | Create | Villager (Male) |
| 7:41 | Build | House |
| 8:00 | Create | Villager (Male) |
| 8:13 | Build | Donjon |
| 8:33 | Age | Feudal Age |
| 8:55 | Research | Double-Bit Axe |
| 9:00 | Create | Villager (Male) |
| 9:42 | Create | Villager (Male) |
| 9:42 | Create | Villager (Male) |
| 10:11 | Create | Villager (Male) |
| 10:11 | Create | Villager (Male) |
| 10:27 | Build | House |
| 11:00 | Build | Donjon |
| 11:05 | Create | Villager (Male) |
| 11:18 | Create | Villager (Male) |
| 11:52 | Build | Farm |
| 11:55 | Build | Farm |
| 11:57 | Create | Villager (Male) |
| 12:01 | Build | Blacksmith |
| 12:02 | Create | Villager (Male) |
| 12:30 | Build | Farm |
| 12:40 | Create | Villager (Male) |
| 12:49 | Create | Villager (Male) |
| 13:13 | Create | Villager (Male) |
| 13:23 | Create | Villager (Male) |
| 13:30 | Build | Farm |
| 13:31 | Build | Farm |
| 13:33 | Create | Villager (Male) |
| 13:54 | Build | House |
| 14:09 | Build | Donjon |
| 14:15 | Create | Villager (Male) |
| 14:33 | Research | Fletching |
| 14:37 | Build | Farm |
| 14:39 | Build | Farm |
| 14:42 | Create | Villager (Male) |
| 14:58 | Create | Villager (Male) |
| 15:01 | Build | Farm |
| 15:16 | Create | Villager (Male) |
| 15:24 | Build | House |
| 15:32 | Create | Villager (Male) |
| 15:47 | Create | Villager (Male) |
| 15:52 | Build | Farm |
| 16:09 | Build | House |
| 16:12 | Build | Farm |
| 16:16 | Create | Villager (Male) |
| 16:34 | Create | Villager (Male) |
| 16:41 | Build | Farm |
| 16:43 | Build | Farm |
| 16:50 | Create | Villager (Male) |
| 17:04 | Build | Donjon |
| 17:06 | Create | Villager (Male) |
| 17:16 | Create | Villager (Male) |
| 17:19 | Build | Farm |
| 17:23 | Research | Horse Collar |
| 17:29 | Create | Villager (Male) |
| 17:45 | Create | Villager (Male) |
| 17:54 | Build | Palisade Gate |
| 18:01 | Build | House |
| 18:06 | Build | House |
| 18:10 | Build | House |
| 18:14 | Build | Palisade Wall |
| 18:22 | Create | Villager (Male) |
| 18:28 | Build | Donjon |
| 18:30 | Build | Palisade Wall |
| 18:33 | Create | Villager (Male) |
| 18:47 | Build | Farm |
| 18:50 | Build | Farm |
| 18:54 | Create | Villager (Male) |
| 19:12 | Create | Villager (Male) |
| 19:18 | Build | Mining Camp |
| 19:33 | Create | Villager (Male) |
| 19:54 | Create | Villager (Male) |
| 20:07 | Build | Farm |
| 20:10 | Create | Villager (Male) |
| 20:30 | Build | Market |
| 20:32 | Build | House |
| 20:57 | Create | Serjeant |
| 21:00 | Create | Villager (Male) |
| 21:12 | Create | Villager (Male) |
| 21:26 | Create | Villager (Male) |
| 21:36 | Research | Wheelbarrow |
| 21:58 | Research | Castle Age |
| 22:10 | Research | Gold Mining |
| 22:21 | Build | Barracks |
| 22:23 | Build | House |
| 22:32 | Research | Scale Mail Armor |
| 22:57 | Build | Gate |
| 23:12 | Build | Donjon |
| 23:25 | Create | Spearman |
| 23:26 | Create | Spearman |
| 23:44 | Create | Villager (Male) |
| 24:02 | Build | Barracks |
| 24:04 | Build | House |
| 24:08 | Build | Palisade Wall |
| 24:11 | Build | Palisade Wall |
| 24:12 | Build | Palisade Wall |
| 24:15 | Create | Spearman |
| 24:16 | Create | Villager (Male) |
| 24:26 | Create | Villager (Male) |
| 24:39 | Age | Castle Age |
| 24:43 | Research | Bow Saw |
| 24:43 | Create | Villager (Male) |
| 24:53 | Create | Spearman |
| 25:00 | Create | Spearman |
| 25:03 | Create | Villager (Male) |
| 25:15 | Create | Spearman |
| 25:16 | Create | Villager (Male) |
| 25:19 | Create | Villager (Male) |
| 25:25 | Create | Spearman |
| 25:36 | Create | Villager (Male) |
| 26:28 | Build | Castle |
| 26:43 | Build | Siege Workshop |
| 26:46 | Create | Villager (Male) |
| 26:53 | Create | Villager (Male) |
| 27:13 | Build | Town Center |
| 27:20 | Create | Villager (Male) |
| 27:32 | Build | Mining Camp |
| 27:44 | Create | Villager (Male) |
| 27:53 | Create | Villager (Male) |
| 28:06 | Build | Outpost |
| 28:08 | Build | Outpost |
| 28:14 | Create | Villager (Male) |
| 28:16 | Create | Battering Ram |
| 28:18 | Create | Battering Ram |
Match timeline
| 8:13 | td3p | Carlos · first_building Donjon |
| 8:33 | td3p | Carlos · age_up feudal |
| 9:06 | ferminsin · wall_segment Palisade Wall x5 |
| 9:07 | ferminsin · wall_segment Palisade Wall x6 |
| 9:15 | ferminsin · wall_segment Palisade Wall x4 |
| 9:17 | ferminsin · wall_segment Palisade Wall x4 |
| 9:19 | ferminsin · wall_segment Palisade Wall x5 |
| 10:02 | ferminsin · wall_segment Palisade Wall x4 |
| 10:13 | ferminsin · wall_segment Palisade Wall x2 |
| 10:14 | ferminsin · wall_segment Palisade Wall x2 |
| 10:18 | ferminsin · wall_segment Palisade Wall x4 |
| 10:27 | ferminsin · wall_segment Palisade Wall x1 |
| 10:36 | ferminsin · wall_segment Palisade Wall x3 |
| 10:38 | ferminsin · wall_segment Palisade Wall x2 |
| 10:39 | ferminsin · wall_segment Palisade Wall x3 |
| 10:45 | ferminsin · wall_segment Palisade Wall x1 |
| 11:21 | Ux'Marianop · age_up feudal |
| 11:22 | ferminsin · age_up feudal |
| 12:10 | Ux'Marianop · first_market_sell 100 wood |
| 12:32 | Pvt grimsey · age_up feudal |
| 13:24 | TD3P | NAYE · age_up feudal |
| 13:54 | TD3P | NAYE · first_building Barracks |
| 14:15 | TD3P | sir_esteban · age_up feudal |
| 14:52 | Ux'Marianop · age_up castle |
| 15:04 | Ux'Marianop · first_building Monastery |
| 16:20 | TD3P | sir_esteban · first_building Barracks |
| 16:27 | Pvt grimsey · age_up castle |
| 16:39 | Pvt grimsey · first_market_buy 100 wood |
| 17:21 | ferminsin · first_building Barracks |
| 18:01 | TD3P | sir_esteban · first_building Stable |
| 18:10 | TD3P | sir_esteban · age_up castle |
| 18:14 | TD3P | NAYE · first_building Stable |
| 18:14 | td3p | Carlos · wall_segment Palisade Wall x1 |
| 18:30 | td3p | Carlos · wall_segment Palisade Wall x1 |
| 19:45 | Pvt grimsey · first_market_sell 100 stone |
| 19:46 | TD3P | NAYE · age_up castle |
| 20:12 | Ux'Marianop · wall_segment Stone Wall x4 |
| 20:20 | Ux'Marianop · wall_segment Stone Wall x8 |
| 20:33 | ferminsin · first_market_buy 100 food |
| 20:33 | ferminsin · first_market_sell 100 wood |
| 20:36 | Ux'Marianop · first_building Siege Workshop |
| 21:21 | ferminsin · wall_segment Stone Wall x9 |
| 21:29 | ferminsin · wall_segment Stone Wall x5 |
| 21:56 | td3p | Carlos · first_market_sell 100 wood |
| 21:58 | ferminsin · wall_segment Palisade Wall x1 |
| 22:21 | TD3P | sir_esteban · first_building Castle |
| 22:21 | td3p | Carlos · first_building Barracks |
| 22:32 | ferminsin · wall_segment Palisade Wall x1 |
| 23:03 | ferminsin · wall_segment Stone Wall x6 |
| 23:17 | ferminsin · age_up castle |
| 24:02 | ferminsin · first_building Castle |
| 24:08 | td3p | Carlos · wall_segment Palisade Wall x1 |
| 24:09 | TD3P | NAYE · first_building Monastery |
| 24:11 | td3p | Carlos · wall_segment Palisade Wall x1 |
| 24:12 | td3p | Carlos · wall_segment Palisade Wall x1 |
| 24:14 | ferminsin · first_building Monastery |
| 24:39 | td3p | Carlos · age_up castle |
| 24:48 | ferminsin · first_building Siege Workshop |
| 25:09 | Pvt grimsey · first_building Castle |
| 25:15 | Ux'Marianop · first_building Barracks |
| 25:43 | td3p | Carlos · first_market_buy 100 stone |
| 26:28 | td3p | Carlos · first_building Castle |
| 26:41 | Pvt grimsey · wall_segment Stone Wall x1 |
| 26:43 | td3p | Carlos · first_building Siege Workshop |
| 26:51 | Pvt grimsey · first_building Monastery |
| 26:51 | Ux'Marianop · first_building Archery Range |
| 27:10 | Pvt grimsey · wall_segment Stone Wall x1 |
| 27:57 | TD3P | sir_esteban · first_building Siege Workshop |
| 28:16 | TD3P | NAYE · first_building Castle |
| 29:27 | Ux'Marianop · age_up imperial |
| 29:38 | Ux'Marianop · first_building Castle |
| 29:55 | TD3P | sir_esteban · first_building Archery Range |
| 30:43 | TD3P | sir_esteban · age_up imperial |
| 31:14 | Pvt grimsey · first_building Barracks |
| 32:34 | Pvt grimsey · first_building Stable |
| 33:47 | Pvt grimsey · age_up imperial |
| 34:46 | Ux'Marianop · first_market_buy 500 wood |
| 36:20 | Pvt grimsey · tribute_sent a jugador 1 |
| 36:20 | Pvt grimsey · tribute_sent a jugador 2 |
| 36:20 | Pvt grimsey · tribute_sent a jugador 4 |
| 36:20 | Pvt grimsey · tribute_sent a jugador 5 |
| 36:20 | Pvt grimsey · tribute_sent a jugador 6 |
| 37:41 | TD3P | NAYE · age_up imperial |
| 38:13 | TD3P | NAYE · wall_segment Stone Wall x1 |
| 38:14 | TD3P | NAYE · wall_segment Stone Wall x1 |
| 38:14 | TD3P | NAYE · wall_segment Stone Wall x1 |
| 38:15 | TD3P | NAYE · wall_segment Stone Wall x1 |
| 38:15 | TD3P | NAYE · wall_segment Stone Wall x2 |
| 38:16 | TD3P | NAYE · wall_segment Stone Wall x2 |
| 38:16 | TD3P | NAYE · wall_segment Stone Wall x1 |
| 38:17 | TD3P | NAYE · wall_segment Stone Wall x2 |
| 38:17 | TD3P | NAYE · wall_segment Stone Wall x1 |
| 38:17 | TD3P | NAYE · wall_segment Stone Wall x2 |
| 38:17 | Pvt grimsey · first_building Archery Range |
| 38:17 | TD3P | NAYE · wall_segment Stone Wall x1 |
| 38:18 | TD3P | NAYE · wall_segment Stone Wall x1 |
| 38:18 | TD3P | NAYE · wall_segment Stone Wall x1 |
| 38:18 | TD3P | NAYE · wall_segment Stone Wall x1 |
| 38:19 | TD3P | NAYE · wall_segment Stone Wall x1 |
| 38:54 | TD3P | NAYE · wall_segment Stone Wall x12 |
| 38:55 | TD3P | NAYE · wall_segment Stone Wall x1 |
| 40:32 | ferminsin · wall_segment Palisade Wall x1 |
| 41:49 | TD3P | NAYE · tribute_sent a jugador 2 |
| 41:49 | TD3P | NAYE · tribute_sent a jugador 3 |
| 41:49 | TD3P | NAYE · tribute_sent a jugador 4 |
| 41:49 | TD3P | NAYE · tribute_sent a jugador 5 |
| 41:49 | TD3P | NAYE · tribute_sent a jugador 6 |
| 43:12 | TD3P | NAYE · first_building Archery Range |
| 43:57 | td3p | Carlos · first_building Archery Range |
| 45:32 | td3p | Carlos · first_building Stable |
| 45:44 | ferminsin · wall_segment Stone Wall x1 |
| 45:55 | ferminsin · wall_segment Stone Wall x5 |
| 46:36 | ferminsin · first_building Archery Range |
| 47:48 | ferminsin · first_building Stable |
| 47:54 | td3p | Carlos · age_up imperial |
| 48:32 | ferminsin · age_up imperial |
| 49:45 | TD3P | NAYE · tribute_sent a jugador 2 |
| 49:45 | TD3P | NAYE · tribute_sent a jugador 3 |
| 49:45 | TD3P | NAYE · tribute_sent a jugador 4 |
| 49:45 | TD3P | NAYE · tribute_sent a jugador 5 |
| 49:45 | TD3P | NAYE · tribute_sent a jugador 6 |
| 50:23 | td3p | Carlos · wall_segment Stone Wall x5 |
| 52:07 | TD3P | sir_esteban · first_market_sell 100 food |
| 53:00 | td3p | Carlos · tribute_sent a jugador 1 |
| 53:00 | td3p | Carlos · tribute_sent a jugador 2 |
| 53:00 | td3p | Carlos · tribute_sent a jugador 3 |
| 53:00 | td3p | Carlos · tribute_sent a jugador 4 |
| 53:00 | td3p | Carlos · tribute_sent a jugador 5 |
| 53:36 | Ux'Marianop · first_building Stable |
| 56:44 | td3p | Carlos · resign |
[ AI ANALYSIS · 1 CREDIT ]
What really happened in this match?
Wolo.gg analyzes every decision: build order, eco, micro, common mistakes by bracket. Personalized analysis on WhatsApp or Discord in 30 seconds.
Civ guide
Byzantines
Perfil
Jugador #1754097